 Dungeon Crawl Stone Soup version 0.22.1-1-ga44c0e5 (webtiles) character file.

352 niblik the Firebug (level 6, -1/38 HPs)
             Began as an Octopode Fire Elementalist on Oct 30, 2018.
             Succumbed to a worker ant's poison
             ... on level 5 of the Dungeon.
             The game lasted 00:14:58 (4885 turns).

niblik the Firebug (Octopode Fire Elementalist)     Turns: 4885, Time: 00:15:00

Health: -1/38      AC:  1    Str: 13    XL:     6   Next: 61%
Magic:  2/10       EV: 13    Int: 17    God:
Gold:   234        SH:  0    Dex: 14    Spells: 3/11 levels left

rFire    . . .     SeeInvis .   d - +0 spear
rCold    . . .     Gourm    .   (no shield)
rNeg     . . .     Faith    .   (helmet restricted)
rPois    +         Spirit   .   (no amulet)
rElec    .         Reflect  .   k - ring of poison resistance
rCorr    .         Harm     .   t - ring of protection from magic
MR       +....                  (no ring)
Stlth    +++.......             (no ring)
HPRegen  0.12/turn              (no ring)
MPRegen  0.12/turn              (no ring)
                                (no ring)
                                (no ring)

@: mighty, lethally poisoned (-1 -> -13), flying, very slightly contaminated
A: almost no armour, stealthy swim, amphibious, 8 rings, constrict 8, camouflage
1, gelatinous body 1
a: no special abilities


You were on level 5 of the Dungeon.
You were not hungry.

You visited 1 branch of the dungeon, and saw 5 of its levels.

You collected 234 gold pieces.

Inventory:

Hand Weapons
 d - a +0 spear (weapon)
Missiles
 a - 62 stones (quivered)
 n - 30 poisoned needles
Jewellery
 k - a ring of poison resistance (left tentacle)
 t - a ring of protection from magic (right tentacle)
Wands
 v - a wand of iceblast (6)
 A - a wand of paralysis (15)
Scrolls
 e - a scroll of enchant weapon {unknown}
 f - 5 scrolls of remove curse {unknown}
 g - a scroll of teleportation {unknown}
 h - 2 scrolls of random uselessness {unknown}
 m - 3 scrolls of amnesia {unknown}
 p - 2 scrolls of magic mapping {unknown}
 q - a scroll of noise {unknown}
 s - 6 scrolls of identify {unknown}
 u - a scroll of immolation {unknown}
 y - a scroll of fog {unknown}
 z - a scroll of blinking {unknown}
Potions
 c - a potion of agility {unknown}
 i - 2 potions of might
 j - a potion of flight
 l - a potion of resistance {unknown}
 o - a potion of brilliance {unknown}
 r - a potion of mutation {unknown}
 w - a potion of lignification {unknown}
Comestibles
 b - 9 rations


   Skills:
 + Level 1.4 Fighting
 - Level 1.0 Polearms
 - Level 2.0 Dodging
 - Level 2.6 Stealth
 - Level 3.2 Spellcasting
 * Level 3.9 Conjurations
 + Level 4.7 Fire Magic


You had 3 spell levels left.
You knew the following spells:

 Your Spells              Type           Power        Failure   Level  Hunger
a - Flame Tongue          Conj/Fire      ###..        3%          1    None
b - Conjure Flame         Conj/Fire      ###.....     9%          3    ###....
c - Sticky Flame          Conj/Fire      ###.....     28%         4    ####...

Your spell library contained the following spells:

 Spells                   Type           Power        Failure   Level  Hunger
 Throw Flame              Conj/Fire      ###...       4%          2    ##.....
 Inner Flame              Hex/Fire       ##......     19%         3    ###....
 Fireball                 Conj/Fire      ###.......   63%         5    ######.


Dungeon Overview and Level Annotations

Branches:
Dungeon (5/15)
 Temple: D:4-7

Altars:
Nemelex Xobeh
Okawaru
Wu Jian

Annotations:
D:2 exclusion: downstairs, Terence
D:3 1 runed door, Grinder


Innate Abilities, Weirdness & Mutations

You cannot wear most types of armour.
You are very stealthy in the water. (Stealth+)
You are amphibious.
You can wear up to eight rings at the same time.
You can use your tentacles to constrict eight enemies at once.
Your skin changes colour to match your surroundings (Stealth+).
Your rubbery body absorbs attacks. (AC +1, EV +1)


Message History

You constrict the worker ant, but do no damage.
* * * LOW HITPOINT WARNING * * *
You feel sick. The worker ant closely misses you.
You hit the worker ant.
The worker ant is heavily wounded.
You constrict the worker ant.
* * * LOW HITPOINT WARNING * * *
You feel sick. The worker ant bites you.
* * * LOW HITPOINT WARNING * * *
It was a potion of might.
You feel very mighty all of a sudden.
You constrict the worker ant.
* * * LOW HITPOINT WARNING * * *
You feel sick. The worker ant barely misses you.
The worker ant closely misses you.
It was a potion of flight.
You feel very buoyant.
You fly up into the air.
You constrict the worker ant.
You kill the worker ant!
You die...

. .. ... ..#
####..# #.†ol#
####@#
######....#
#.......###
#.......#####
#.............
#.(.....######
#..<....#
#########


You could see an orc and a leopard gecko.

Vanquished Creatures
  2 ogres (D:4)
  Ijyb (D:3)
  A worker ant (D:5)
  Robin (D:4)
  3 adders
  A gnoll (D:1)
  3 oozes
  3 worms
  A dart slug (D:3)
  A leopard gecko (D:1)
  4 bats
  4 giant cockroaches
  14 goblins
  7 hobgoblins
  2 quokkas
  8 kobolds
  5 rats
61 creatures vanquished.

Notes
Turn   | Place    | Note
-------+----------+-------------------------------------------
     0 | D:1      | niblik the Octopode Fire Elementalist began the quest for
                  | the Orb.
     0 | D:1      | Reached XP level 1. HP: 11/11 MP: 3/3
    68 | D:1      | Reached XP level 2. HP: 15/17 MP: 0/5
   731 | D:1      | Reached XP level 3. HP: 21/21 MP: 6/6
   846 | D:1      | Learned a level 3 spell: Conjure Flame
  1396 | D:2      | Found an iron altar of Okawaru.
  1865 | D:2      | Noticed Terence
  2086 | D:2      | Found a sparkling altar of Nemelex Xobeh.
  2337 | D:2      | Reached XP level 4. HP: 27/27 MP: 7/7
  2682 | D:3      | Found an ornate altar of the Wu Jian Council.
  2709 | D:3      | Noticed Grinder
  2909 | D:3      | Reached skill level 1 in Polearms
  3244 | D:3      | Found a faded altar of an unknown god.
  3270 | D:3      | Learned a level 4 spell: Sticky Flame
  3408 | D:3      | Found a runed door.
  3442 | D:3      | Noticed Ijyb
  3460 | D:3      | Killed Ijyb
  3460 | D:3      | Reached skill level 4 in Fire Magic
  3926 | D:4      | Noticed an ogre
  3935 | D:4      | Killed an ogre
  3935 | D:4      | Reached skill level 1 in Fighting
  3935 | D:4      | Reached XP level 5. HP: 33/33 MP: 0/9
  4201 | D:4      | Noticed an ogre
  4243 | D:4      | Killed an ogre
  4243 | D:4      | Reached XP level 6. HP: 38/38 MP: 1/10
  4330 | D:4      | Noticed Robin
  4499 | D:4      | Killed Robin
  4860 | D:5      | Entered Level 5 of the Dungeon
  4884 | D:5      | HP: 1/38 [poisoned by a worker ant]
  4885 | D:5      | Succumbed to a worker ant's poison

Skill      XL: |  1  2  3  4  5 |
---------------+----------------+-----
Polearms       | 1 |  1.0
Conjurations   | 2 3 |  3.9
Fire Magic     | 4 |  4.7
Fighting       | 1 |  1.4
Spellcasting   | 3 |  3.2
Dodging        | |  2.0
Stealth        | |  2.6

Action                   |  1- 3 |  4- 6 || total
-------------------------+-------+-------++-------
Melee: Spear             |    37 |    63 ||   100
       Constrict         |    10 |    11 ||    21
       Unarmed           |     3 |       ||     3
       Tentacles         |     3 |    12 ||    15
 Cast: Flame Tongue      |    31 |    48 ||    79
       Conjure Flame     |       |     5 ||     5
  Use: Potion            |       |     2 ||     2
 Stab: Sleeping          |     4 |     7 ||    11
  Eat: Chunk             |     4 |     9 ||    13
Armor: Skin              |     2 |     4 ||     6
Dodge: Dodged            |    19 |    42 ||    61
